 Dungeon Crawl Stone Soup version 0.31-a0-986-g5e6e4ef867 (webtiles) character file.

Game seed: 3627985325901796194

42 sammy202020 the Insei (level 3, -9/26 (27) HPs)
             Began as a Demonspawn Shapeshifter on Nov 14, 2023.
             Mangled by Crazy Yiuf
             ... wielding a +3 quarterstaff of chaos
              (11 damage)
             ... on level 2 of the Dungeon.
             The game lasted 00:01:35 (1449 turns).

sammy202020 the Insei (Demonspawn Shapeshifter)     Turns: 1449, Time: 00:01:35

HP:   -9/26 (27)    AC:  5    Str: 13 (14) XL:     3   Next: 35%
MP:   3/3           EV: 12    Int: 10 (11) God:
Gold: 15            SH:  0    Dex: 13 (14) Spells: 2/2 levels left

rFire   . .          .
                       - Unarmed
rCold   . . .        (no shield)
rNeg    . . .        l - +0 leather armour
rPois   .            (helmet currently unavailable)
rElec   .            (cloak currently unavailable)
rCorr   .            (gloves currently unavailable)
SInv    .            (boots currently unavailable)
Will    .....        (no amulet)
Stlth   +            (no ring)
HPRegen 0.24/turn    (no ring)
MPRegen 0.08/turn

%: no passive effects
@: brilliant, beast-form, attractive, lightly drained
A: beast (slay +1), yellow scales 1
a: Begin Untransformation


You were on level 2 of the Dungeon.
You were a hulking beast.
You visited 1 branch of the dungeon, and saw 2 of its levels.

You collected 15 gold pieces.

Inventory:

Armour
 a - a +0 animal skin
 g - a +0 helmet
 l - a +0 leather armour (worn)
Talismans
 c - a beast talisman
 d - a flux talisman
Scrolls
 e - a scroll of poison {unknown}
 f - a scroll of amnesia
 h - a scroll of blinking {unknown}
 k - 2 scrolls of identify {unknown}
 m - a scroll of silence {unknown}
Potions
 b - a potion of lignification


   Skills:
 * Level 1.7 Fighting
 + Level 0.6 Armour
 + Level 2.1 Dodging
 * Level 3.0 Unarmed Combat
 * Level 3.0 Shapeshifting


You had 2 spell levels left.
You didn't know any spells.
Your spell library was empty.

Dungeon Overview and Level Annotations

Branches:
Dungeon (2/15)

Altars:

Annotations:
D:2 Crazy Yiuf


Innate Abilities, Weirdness & Mutations

You are a hulking beast.
Your limbs bulge with bestial killing power. (Slay +1)
You are partially covered in yellow scales. (AC +2)


Message History

Found a stone staircase leading down.
There is a stone staircase leading down here.
Found a short sword.
No target in view!
You see here a +0 short sword.
You see here a +0 short sword.
Crazy Yiuf says, "Shadow!"
Could not explore, unopened runed door.
Could not explore, unopened runed door.
No reachable target in view!
You open the door.
Crazy Yiuf cries, "Shower spinner arm!"
You hit Crazy Yiuf.
Crazy Yiuf is moderately wounded.
Crazy Yiuf whimpers, "Cake!"
Crazy Yiuf barely misses you.
You hit Crazy Yiuf. Your punch misses Crazy Yiuf.
Crazy Yiuf is moderately wounded.
Crazy Yiuf hits you with a +3 quarterstaff of chaos!
You hit Crazy Yiuf.
Crazy Yiuf is moderately wounded.
Crazy Yiuf hits you with a +3 quarterstaff of chaos!
You feel drained.
You hit Crazy Yiuf but do no damage.
Crazy Yiuf is moderately wounded.
Crazy Yiuf hits you with a +3 quarterstaff of chaos.
* * * LOW HITPOINT WARNING * * *
It was a potion of degeneration.
There was something very wrong with that liquid.
You feel weakened.
You feel dopey.
You feel clumsy.
Crazy Yiuf whimpers, "Whiteboard!
Announcement testudinal cower."
Crazy Yiuf hits you with a +3 quarterstaff of chaos.
* * * LOW HITPOINT WARNING * * *
It was a potion of attraction.
You feel attractive to monsters. Crazy Yiuf closely misses you.
It was a potion of brilliance.
You feel clever all of a sudden.
Crazy Yiuf hits you with a +3 quarterstaff of chaos!
You die...

#.# #.# #.# ### ###
♣♣########## #)..#♣♣
♣♣..+........
#...gh♣♣♣♣......######
#...#♣..♣.......# ###
♣♣♣.♣...+..#
♣♣♣♣♣#####


You could see Crazy Yiuf.

Vanquished Creatures
  2 dart slugs (D:1)
  5 ball pythons
  5 bats
  4 giant cockroaches
  4 goblins
  3 hobgoblins
  A quokka (D:1)
  3 frilled lizards
  6 kobolds
  3 rats
36 creatures vanquished.

Notes
Turn   | Place    | Note
-------+----------+-------------------------------------------
     0 | D:1      | sammy202020 the Demonspawn Shapeshifter began the quest for
                  | the Orb.
     0 | D:1      | Reached XP level 1. HP: 15/15 MP: 1/1
   129 | D:1      | Gained mutation: You are partially covered in yellow
                  | scales. (AC +2) [demonic ancestry]
   129 | D:1      | Reached XP level 2. HP: 21/21 MP: 2/2
   673 | D:2      | Reached XP level 3. HP: 25/26 MP: 3/3
  1155 | D:2      | Found a runed translucent door.
  1156 | D:2      | Noticed Crazy Yiuf
  1449 | D:2      | Mangled by Crazy Yiuf

Illustrated notes

Levels and vault maps discovered:
D:1:      amcnicky_arrival_wind_blow, layout_basic
D:2:      layout_basic, nicolae_eternal_life, uniq_crazy_yiuf_cottage

Skill      XL: |  1  2  3 |
---------------+----------+-----
Dodging        | 2 |  2.1
Unarmed Combat | 3 |  3.0
Shapeshifting  | 3 |  3.0
Fighting       | |  1.7
Armour         | |  0.6

Action                     || total
---------------------------++-------
  Melee: Unarmed           ||   104
         Punch             ||     2
    Use: Scroll            ||     3
         Potion            ||     3
 Armour: Animal skin       ||    42
         Leather armour    ||    14
  Dodge: Dodged            ||    76

Table legend: (Time is in decaauts)
 A = Elapsed time spent in this place.
 B = Non-inter-level travel time spent in this place.
 C = Inter-level travel time spent in this place.
 D = Time resting spent in this place.
 E = Time spent auto-exploring this place.
 F = Levels seen in this place.
 G = Mean time per level.
                   A        B        C        D        E       F      G
               +--------+--------+--------+--------+--------+-----+--------+
         Total |   1443 |   1443 |      0 |      0 |   1142 |   2 |  721.5 |
       Dungeon |   1443 |   1443 |      0 |      0 |   1142 |   2 |  721.5 |
               +--------+--------+--------+--------+--------+-----+--------+

Top non-repeatable levels by time:
     D:2: 841 daAuts
     D:1: 601 daAuts
